 Dungeon Crawl Stone Soup version 0.30.1-11-g7821555f0a (webtiles) character file.

Game seed: 5667453380809432455

142 hawla the Firebug (level 5, -5/38 HPs)
             Began as a Meteoran Fire Elementalist on Oct 30, 2023.
             Was an Initiate of Vehumet.
             Slain by Edmund
             ... wielding a +2 heavy flail
              (11 damage)
             ... on level 4 of the Dungeon.
             The game lasted 00:06:23 (816 turns).

hawla the Firebug (Meteoran Fire Elementalist)       Turns: 816, Time: 00:06:24

Health: -5/38      AC:  2    Str: 15    XL:     5   Next: 79%
Magic:  9/11       EV: 13    Int: 19    God:    Vehumet [......]
Gold:   69         SH:  0    Dex: 14    Spells: 3/10 levels left

rFire   . . .        d - +1 whip (drain)
rCold   . . .        (no shield)
rNeg    . . .        a - +0 robe
rPois   .            (no helmet)
rElec   .            (no cloak)
rCorr   .            (no gloves)
SInv    .            (no boots)
Will    .....        (no amulet)
Stlth   +            h - +6 ring of strength
HPRegen 0.26/turn    (no ring)
MPRegen 0.12/turn

%: no passive effects
@: glowing
A: sense surroundings 1, otherworldly, glowing, explore regen
a: Renounce Religion


You were on level 4 of the Dungeon.
You worshipped Vehumet.
Vehumet was noncommittal.
You visited 2 branches of the dungeon, and saw 5 of its levels.

You collected 69 gold pieces.

Inventory:

Hand Weapons
 d - a +1 whip of draining (weapon)
Armour
 a - a +0 robe (worn)
Jewellery
 h - a +6 ring of strength (left hand)
Wands
 b - a wand of mindburst (7)
Potions
 c - a potion of flight
 f - a potion of curing {unknown}


   Skills:
 - Level 0.2 Fighting
 + Level 0.4 Maces & Flails
 - Level 3.0 Dodging
 - Level 1.4 Stealth
 - Level 3.4 Spellcasting
 - Level 4.4 Conjurations
 - Level 4.4 Fire Magic


You had 3 spell levels left.
You knew the following spells:

 Your Spells              Type           Power      Damage    Failure   Level
a - Foxfire               Conj/Fire      80%        2x1d8     2%          1
b - Scorch                Fire           40%        2d7       3%          2
c - Flame Wave            Conj/Fire      20%        2d7       24%         4

Your spell library contained the following spells:

 Spells                   Type           Power      Damage    Failure   Level
 Sting                    Tmut/Pois      12%        1d3       14%         1
 Inner Flame              Hex/Fire       11%        N/A       19%         3
 Volatile Blastmotes      Fire/Tloc      22%        2d11      19%         3
 Poisonous Vapours        Pois/Air       6%         N/A       22%         2
 Olgreb's Toxic Radiance  Pois           3%         N/A       82%         4


Dungeon Overview and Level Annotations

Branches:
Dungeon (4/15) Zot: 1770   Temple (1/1) D:4 Zot: 387

Altars:
Ashenzari
Elyvilon
Fedhas
Makhleb
Okawaru
Qazlal
Sif Muna
Vehumet
Wu Jian
Xom
Yredelemnul
Zin

Shops:
D:1 (

Annotations:
D:4 Edmund


Innate Abilities, Weirdness & Mutations

You passively map a small area around you.
You are easily found by Zot.
You glow in the dark.
You regain HP and MP as you explore.


Message History

Casting: Flame Wave (quite dangerous; 24% risk of failure)
Confirm with . or Enter, or press ? or * to list all spells.
You conjure some foxfire!
Casting: Foxfire (safe; 2% risk of failure)
Confirm with . or Enter, or press ? or * to list all spells.
You don't have enough magic to cast this spell.
Casting: Foxfire (safe; 2% risk of failure)
Confirm with . or Enter, or press ? or * to list all spells.
You conjure some foxfire!
The foxfire hits Edmund.
Edmund is heavily wounded.
The foxfire hits Edmund!
Edmund is heavily wounded.
Edmund hits you with a +2 heavy flail!
You aren't carrying any scrolls.
It was a potion of ambrosia.
You are confused.
You feel invigorated.
The foxfire hits Edmund but does no damage.
Edmund is heavily wounded.
Edmund hits you with a +2 heavy flail!
Unknown command.
You barely miss Edmund.
Edmund is heavily wounded.
Edmund completely misses you.
You bump into the rock wall.
Edmund hits you with a +2 heavy flail!
You hit Edmund but do no damage. You drain Edmund.
Edmund is severely wounded.
You closely miss Edmund.
Edmund is severely wounded.
You feel less invigorated.
You feel less confused. Edmund hits you with a +2 heavy flail!!
* * * LOW HITPOINT WARNING * * *
Your magical contamination has completely faded away.
Casting: Foxfire (safe; 2% risk of failure)
Confirm with . or Enter, or press ? or * to list all spells.
Flames lash Edmund.
Edmund is severely wounded.
Edmund's fire resistance burns away.
Edmund hits you with a +2 heavy flail!
You die...

###...## ,#.......
...... , ..... ,**
* ...# ,..# * # ,
#..#####.###..# *
#.......@.....# *
#.######@###.## #.#
* #.# * #.# * #.# ,
#.# #.# *** * * *..
* #.# * #.
#.######.# #. **
*#.#......##.#####)
, ,,
#.#.######........
*#.................


You could see Edmund (combustible, drained).

Vanquished Creatures
  Natasha (D:2)
  Ijyb (D:4)
  4 gnolls (D:4)
  3 adders
  A dart slug (D:2)
  2 orcs (D:3)
  3 bats
  2 endoplasms
  A giant cockroach (D:2)
  A goblin (D:1)
  2 hobgoblins
  2 jackals (D:3)
  2 quokkas (D:4)
  A ball python (D:2)
  3 rats
29 creatures vanquished.

Vanquished Creatures (others)
  80 foxfires
80 creatures vanquished.

Grand Total: 109 creatures vanquished

Notes
Turn   | Place    | Note
-------+----------+-------------------------------------------
     0 | D:1      | hawla the Meteoran Fire Elementalist began the quest for
                  | the Orb.
     0 | D:1      | Reached XP level 1. HP: 14/14 MP: 5/5
    52 | D:1      | Found Xeubby's Antique Weapon Emporium.
   133 | D:1      | Reached XP level 2. HP: 20/20 MP: 3/6
   136 | D:1      | Learned a level 2 spell: Scorch
   183 | D:2      | Found a shimmering altar of Xom.
   187 | D:2      | Reached XP level 3. HP: 19/26 MP: 4/8
   252 | D:2      | Noticed Natasha
   260 | D:2      | Killed Natasha
   261 | D:2      | Reached XP level 4. HP: 33/33 MP: 5/10
   266 | D:2      | Learned a level 4 spell: Flame Wave
   477 | D:4      | Found a staircase to the Ecumenical Temple.
   486 | Temple   | Entered the Ecumenical Temple
   667 | Temple   | Became a worshipper of Vehumet
   718 | D:4      | Reached XP level 5. HP: 31/38 MP: 4/11
   755 | D:4      | Noticed Ijyb
   763 | D:4      | Killed Ijyb
   800 | D:4      | Noticed Edmund
   816 | D:4      | Slain by Edmund

Illustrated notes

Levels and vault maps discovered:
D:1:      dpeg_arrival_boxorama, layout_basic, serial_shops,
          nicolae_shop_advertising_works [nicolae_subvault_shop_adworks]
D:2:      layout_loops_ring, chequers_ecumenical_altar_simple, basic_altar,
          serial_shops, nicolae_shop_drivethru, serial_bayou,
          serial_bayou_pond_d, serial_bayou_lagoon_a, serial_bayou_shore_a,
          serial_bayou_crossing, serial_bayou_pond_a, serial_bayou_shore_b,
          uniq_natasha
D:3:      layout_rooms, nicolae_uskayaw_dance_hall, minmay_between
D:4:      layout_loops_ring, nemelex_spade_bored_becter,
          minmay_temple_entry_statues_pillars, uniq_robin, uniq_blork_the_orc,
          uniq_ijyb, uniq_menkaure, uniq_edmund
Temple:   bh_familiar_temple

Skill      XL: |  1  2  3  4  5 |
---------------+----------------+-----
Spellcasting   | 3 |  3.4
Fire Magic     | 4 |  4.4
Dodging        | 3 |  3.0
Conjurations   | 3 4 |  4.4
Fighting       | |  0.2
Maces & Flails | |  0.4
Stealth        | |  1.4

Action                     |  1- 3 |  4- 6 || total
---------------------------+-------+-------++-------
  Melee: Unarmed           |     8 |     3 ||    11
         Whip              |       |     4 ||     4
   Cast: Foxfire           |    15 |    35 ||    50
         Scorch            |     2 |    11 ||    13
         Flame Wave        |       |     1 ||     1
    Use: Scroll            |     1 |     3 ||     4
         Potion            |       |     2 ||     2
 Armour: Robe              |     3 |       ||     3
  Dodge: Dodged            |     8 |    12 ||    20
